 Dungeon Crawl Stone Soup version 0.29-a0-187-ga23d9638d5 (webtiles) character file.

Game seed: 3208623799631710682

3726 YayAnonymity the Spear-Bearer (level 10, -17/81 HPs)
             Began as a Gnoll Berserker on Feb 21, 2022.
             Was a High Priest of Trog.
             Demolished by an orc knight (22 damage)
             ... in a bailey.
             The game lasted 00:18:07 (9145 turns).

YayAnonymity the Spear-Bearer (Gnoll Berserker)     Turns: 9145, Time: 00:18:08

Health: -17/81     AC: 16    Str: 21    XL:     10   Next: 14%
Magic:  17/17      EV: 13    Int: 15    God:    Trog [*****.]
Gold:   372        SH:  5    Dex: 12    Spells: 19/19 levels left

rFire   . . .      SeeInvis +   a - +3 flail "Rebefoph" {vorpal, *Noise rC- rCorr Int+9}
rCold   x . .      Faith    .   p - +0 buckler
rNeg    . . .      Spirit   .   D - +5 ring mail "Ytosery" {rElec Will+ SInv Stlth+}
rPois   .          Reflect  .   n - +0 helmet
rElec   +          Harm     .   (no cloak)
rCorr   +          Rampage  .   I - +1 pair of gloves
Will    +....                   j - +0 pair of boots
Stlth   +++.......              (no amulet)
HPRegen 0.23/turn               (no ring)
MPRegen 0.15/turn               (no ring)

@: on berserk cooldown, slowed, very slow
A: fangs 1, strong nose, distributed training
a: Renounce Religion, Berserk, Trog's Hand, Brothers in Arms


You were in a bailey.
You worshipped Trog.
Trog was extremely pleased with you.
You visited 1 branch of the dungeon, and saw 7 of its levels.
You also visited: Ossuary and Bailey.

You collected 372 gold pieces.

Inventory:

Hand Weapons
 a - the +3 flail "Rebefoph" (weapon) {vorpal, *Noise rC- rCorr Int+9}
   (You found it on level 2 of the Dungeon)

   It inflicts extra damage upon your enemies.
   Int:       It affects your intelligence (+9).
   rC:        It makes you vulnerable to cold.
   *Noise:    It may make noises in combat.
   rCorr:     It protects you from acid and corrosion.
 b - a +6 flail of holy wrath
 y - a +0 hand axe of flaming
Missiles
 l - 3 poisoned darts (quivered)
 m - 154 stones
 s - 4 throwing nets
Armour
 j - a +0 pair of boots (worn)
 n - a +0 helmet (worn)
 p - a +0 buckler (worn)
 D - the +5 ring mail "Ytosery" (worn) {rElec Will+ SInv Stlth+}
   (You found it on level 4 of the Dungeon)

   rElec:     It insulates you from electricity.
   SInv:      It lets you see invisible.
   Will:      It increases your willpower.
   Stlth:     It makes you more stealthy.
 I - a +1 pair of gloves (worn)
Wands
 e - a wand of paralysis (9)
 u - a wand of mindburst (13)
 w - a wand of iceblast (10)
 A - a wand of flame (23)
 E - a wand of polymorph (9)
Scrolls
 c - 2 scrolls of noise
 f - 2 scrolls of magic mapping
 g - 2 scrolls of fear
 h - 3 scrolls of immolation {unknown}
 k - a scroll of summoning
 o - a scroll of brand weapon {unknown}
 q - 2 scrolls of enchant armour
 t - a scroll of vulnerability {unknown}
 x - 5 scrolls of teleportation
 H - a scroll of amnesia {unknown}
Potions
 d - a potion of berserk rage {unknown}
 i - 4 potions of invisibility
 r - 2 potions of flight
 v - a potion of ambrosia {unknown}
 z - a potion of degeneration {unknown}
 B - 2 potions of curing {unknown}
 C - 2 potions of attraction {unknown}
 F - a potion of haste {unknown}
 G - a potion of magic {unknown}
 J - 2 potions of cancellation {unknown}
 K - a potion of heal wounds {unknown}
 L - a potion of mutation {unknown}
 M - a potion of might {unknown}


   Skills:
 + Level 8.3 Fighting
 + Level 5.0 Short Blades
 + Level 5.0 Long Blades
 + Level 5.0 Axes
 + Level 5.0 Maces & Flails
 + Level 8.3 Polearms
 + Level 5.0 Staves
 + Level 5.0 Slings
 + Level 5.0 Bows
 + Level 5.0 Crossbows
 + Level 5.0 Throwing
 + Level 6.8 Armour
 + Level 6.8 Dodging
 + Level 5.0 Stealth
 + Level 5.0 Shields
 + Level 5.0 Unarmed Combat
 + Level 5.0 Spellcasting
 + Level 4.1 Conjurations
 + Level 4.1 Hexes
 + Level 4.1 Summonings
 + Level 4.1 Necromancy
 + Level 4.1 Translocations
 + Level 4.1 Transmutations
 + Level 4.1 Fire Magic
 + Level 4.1 Ice Magic
 + Level 4.1 Air Magic
 + Level 4.1 Earth Magic
 + Level 4.1 Poison Magic
 + Level 5.5 Invocations
 + Level 5.0 Evocations


You had 19 spell levels left.
You didn't know any spells.
Your spell library was empty.

Dungeon Overview and Level Annotations

Branches:
Dungeon (7/15)             Temple (0/1) D:7         Ossuary (visited)
 Bailey (1/1)

Altars:
Sif Muna

Shops:
D:4 **

Annotations:
D:4 3 runed translucent doors, Cecur's ghost, amateur FoFi; Cummy's ghost, weakling DrCj; pokeman's ghost, amateur DEWz


Innate Abilities, Weirdness & Mutations

You have very sharp teeth.
Your uncanny sense of smell can sniff out nearby items.
Your experience applies equally to all skills.


Message History

There is a huge open gate here.
Found three items.
An orc warrior comes into view. It is wielding a +0 glaive.
You sock the orc knight!
The orc knight is lightly wounded.
Your ogre rages.
You hear a shout!
You sock the orc knight! Your bite misses the orc knight.
The orc knight is moderately wounded.
The orc knight completely misses you.
The orc knight hits you with a +0 halberd!!!
An orc warrior comes into view. It is wielding a +0 spear.
Your ogre closely misses the orc knight.
You closely miss the orc knight. Your bite misses the orc knight.
The orc knight is moderately wounded.
The orc knight completely misses you.
Your ogre barely misses the orc knight.
You block the orc knight's attack.
You thump the orc knight!
The orc knight is heavily wounded.
Your ogre barely misses the orc knight.
The orc knight hits you from afar with a +0 glaive.
The orc knight hits you with a +0 halberd!!
You are too injured to fight recklessly!
You are too injured to fight recklessly!
You are too injured to fight recklessly!
You barely miss the orc knight. Your bite misses the orc knight.
The orc knight is heavily wounded.
Your ogre hits the orc knight with a +0 giant club!
The orc knight hits you from afar with a +0 glaive.
The orc knight hits you with a +0 halberd!!!
* * * LOW HITPOINT WARNING * * *
You barely miss the orc knight.
The orc knight is heavily wounded.
You are no longer berserk.
You are exhausted.
You feel yourself slow down.
Your ogre barely misses the orc knight.
You thump the orc knight!
The orc knight is severely wounded.
The orc knight hits you from afar with a +0 glaive!!
You die...

# ####### #######
#########.....###.......
.#.....#.......'........
.'.))..'..#....'o.o....?
.')))..'.......'@Oo.o..?
.'.)...'..#....'.......?
.#.....#.......'........
#########.....###.......
# ####### #######


You could see 2 orc knights, 2 orc warriors and a friendly ogre (summoned,
berserk).

Vanquished Creatures
  Pikel (D:5)
  Grinder (D:3)
  Edmund (D:6)
  6 orc warriors
  2 sky beasts
  3 ice beasts
  2 ogres (D:5)
  A necrophage (D:6)
  A scorpion (D:4)
  A water moccasin zombie (D:6)
  3 water moccasin skeletons
  4 killer bees (D:5)
  5 bullfrog zombies (D:6)
  A jelly (D:6)
  An orc priest (D:5)
  A gnoll shaman (D:5)
  2 hounds (D:5)
  A centaur skeleton (D:6)
  A bullfrog skeleton (D:6)
  Ijyb (D:3)
  Terence (D:2)
  5 iguanas
  Natasha (thrice) (D:2)
  6 orc wizards
  A killer bee zombie (D:6)
  A mummy (Ossuary)
  A howler monkey zombie (D:6)
  13 gnolls
  6 adders
  A shadow imp (D:6)
  A white imp (D:6)
  An ufetubus (D:4)
  An adder skeleton (D:4)
  2 worms
  A dart slug (D:3)
  41 orcs
  2 spectral bats (Ossuary)
  5 endoplasms
  4 giant cockroaches
  12 gnoll zombies (Ossuary)
  6 hobgoblins
  6 jackals
  9 kobolds
  3 quokkas
  6 ball pythons
  7 bats
  5 bat simulacra (Ossuary)
  7 frilled lizards
  12 goblins
  A goblin simulacrum (Ossuary)
  5 goblin zombies
  6 hobgoblin zombies (Ossuary)
  5 kobold simulacra (Ossuary)
  6 kobold zombies (Ossuary)
  2 orc zombies (Ossuary)
  5 rats
  2 rat simulacra (Ossuary)
  A rat zombie (D:4)
  4 spectral goblins (Ossuary)
  5 spectral kobolds (Ossuary)
  3 spectral rats (Ossuary)
253 creatures vanquished.

Vanquished Creatures (others)
  8 withered plants
8 creatures vanquished.

Grand Total: 261 creatures vanquished

Notes
Turn   | Place    | Note
-------+----------+-------------------------------------------
     0 | D:1      | YayAnonymity the Gnoll Berserker began the quest for the
                  | Orb.
     0 | D:1      | Reached XP level 1. HP: 23/23 MP: 1/1
   200 | D:1      | Reached XP level 2. HP: 19/29 MP: 2/2
  1009 | D:1      | Reached XP level 3. HP: 35/35 MP: 3/3
  1380 | D:2      | Noticed Natasha
  1387 | D:2      | Killed Natasha
  1388 | D:2      | Reached skill level 1 in Short Blades
  1388 | D:2      | Reached skill level 1 in Long Blades
  1388 | D:2      | Reached skill level 1 in Axes
  1388 | D:2      | Reached skill level 1 in Maces & Flails
  1388 | D:2      | Reached skill level 1 in Staves
  1388 | D:2      | Reached skill level 1 in Slings
  1388 | D:2      | Reached skill level 1 in Bows
  1388 | D:2      | Reached skill level 1 in Crossbows
  1388 | D:2      | Reached skill level 1 in Throwing
  1388 | D:2      | Reached skill level 1 in Stealth
  1388 | D:2      | Reached skill level 1 in Shields
  1388 | D:2      | Reached skill level 1 in Unarmed Combat
  1388 | D:2      | Reached skill level 1 in Spellcasting
  1388 | D:2      | Reached skill level 1 in Invocations
  1388 | D:2      | Reached skill level 1 in Evocations
  1388 | D:2      | Reached XP level 4. HP: 25/41 MP: 5/5
  1570 | D:2      | Identified the +3 flail "Rebefoph" {vorpal, *Noise rC-
                  | rCorr Int+9}
  1674 | D:2      | Reached ** piety under Trog
  1773 | D:2      | Found a faded altar of an unknown god.
  1873 | D:2      | Reached skill level 1 in Conjurations
  1873 | D:2      | Reached skill level 1 in Hexes
  1873 | D:2      | Reached skill level 1 in Summonings
  1873 | D:2      | Reached skill level 1 in Necromancy
  1873 | D:2      | Reached skill level 1 in Translocations
  1873 | D:2      | Reached skill level 1 in Transmutations
  1873 | D:2      | Reached skill level 1 in Fire Magic
  1873 | D:2      | Reached skill level 1 in Ice Magic
  1873 | D:2      | Reached skill level 1 in Air Magic
  1873 | D:2      | Reached skill level 1 in Earth Magic
  1873 | D:2      | Reached skill level 1 in Poison Magic
  1961 | D:2      | Noticed Terence
  1968 | D:2      | Killed Terence
  2024 | D:2      | Reached XP level 5. HP: 35/47 MP: 5/7
  2298 | D:2      | Found a faded altar of an unknown god.
  2814 | D:2      | Noticed Natasha
  2817 | D:2      | Killed Natasha
  3008 | D:2      | Noticed Natasha
  3017 | D:2      | Killed Natasha
  3219 | D:2      | Found a faded altar of an unknown god.
  3829 | D:3      | Noticed Grinder
  3841 | D:3      | Paralysed by Grinder for 4 turns
  3848 | D:3      | Paralysed by Grinder for 4 turns
  3852 | D:3      | Killed Grinder
  3853 | D:3      | Reached skill level 5 in Armour
  3853 | D:3      | Reached skill level 5 in Dodging
  3853 | D:3      | Reached XP level 6. HP: 25/53 MP: 7/9
  4432 | D:3      | Noticed Ijyb
  4445 | D:3      | Killed Ijyb
  4446 | D:3      | Reached XP level 7. HP: 35/59 MP: 10/10
  4879 | D:4      | Found Sikyd's Assorted Antiques.
  4984 | D:4      | Reached *** piety under Trog
  5088 | D:4      | Found a sand-covered staircase.
  5099 | Ossuary  | Entered an ossuary
  5493 | Ossuary  | Reached **** piety under Trog
  5811 | D:4      | Identified the +5 ring mail "Ytosery" {rElec Will+ SInv
                  | Stlth+}
  5844 | D:4      | Found Ucoh's Elemental Accessories.
  6201 | D:4      | Found a runed translucent gate.
  6201 | D:4      | Found a runed translucent gate.
  6201 | D:4      | Found a runed translucent gate.
  6201 | D:4      | Noticed Cummy's ghost (weakling DrCj)
  6202 | D:4      | Noticed pokeman's ghost (amateur DEWz)
  6203 | D:4      | Noticed Cecur's ghost (amateur FoFi)
  6414 | D:5      | Entered Level 5 of the Dungeon
  6692 | D:4      | Reached XP level 8. HP: 67/67 MP: 12/12
  7965 | D:5      | Noticed Pikel
  7981 | D:5      | Killed Pikel
  7982 | D:5      | Reached XP level 9. HP: 67/74 MP: 13/15
  8187 | D:6      | Found a shimmering blue altar of Sif Muna.
  8236 | D:6      | Noticed Edmund
  8251 | D:6      | Killed Edmund
  8408 | D:6      | Reached ***** piety under Trog
  8458 | D:6      | Reached skill level 5 in Invocations
  8770 | D:7      | Found a flagged portal.
  8812 | Bailey   | Entered a bailey
  8880 | Bailey   | Reached XP level 10. HP: 80/80 MP: 17/17
  9032 | Bailey   | Reached skill level 5 in Short Blades
  9032 | Bailey   | Reached skill level 5 in Long Blades
  9032 | Bailey   | Reached skill level 5 in Axes
  9032 | Bailey   | Reached skill level 5 in Maces & Flails
  9032 | Bailey   | Reached skill level 5 in Staves
  9032 | Bailey   | Reached skill level 5 in Slings
  9032 | Bailey   | Reached skill level 5 in Bows
  9032 | Bailey   | Reached skill level 5 in Crossbows
  9032 | Bailey   | Reached skill level 5 in Throwing
  9032 | Bailey   | Reached skill level 5 in Stealth
  9032 | Bailey   | Reached skill level 5 in Shields
  9032 | Bailey   | Reached skill level 5 in Unarmed Combat
  9032 | Bailey   | Reached skill level 5 in Spellcasting
  9032 | Bailey   | Reached skill level 5 in Evocations
  9134 | Bailey   | Noticed an orc knight
  9134 | Bailey   | Noticed an orc knight
  9145 | Bailey   | Demolished by an orc knight

Illustrated notes

Levels and vault maps discovered:
D:1:      minmay_arrival_cross, layout_basic, dk_noncrumbling_2,
          chequers_arboretum, minmay_lizard_pond
D:2:      layout_loops_corners, hellmonk_ecumenical_altar_heavens_door,
          uniq_natasha, uniq_terence
D:3:      layout_basic, st_stairs_9, uniq_ijyb, uniq_grinder
D:4:      layout_rooms, gammafunk_ghost_cemetery, serial_shops,
          nicolae_square_shop, enter_ossuary_3, serial_rivers,
          chequers_serial_rivers_large_a, chequers_serial_rivers_room_b,
          chequers_serial_rivers_room_a, chequers_serial_rivers_small_3,
          chequers_serial_rivers_room_b, nicolae_elemental_shop
D:5:      layout_loops_cross, roderic_serpentine_path, uniq_pikel
D:6:      layout_basic, mainiacjoe_overflow_tiny_flanked, serial_undead,
          serial_undead_f, serial_undead_b, serial_undead_a, serial_undead_e,
          serial_undead_e, serial_undead_a, uniq_edmund
D:7:      minmay_inner_zag, layout_rooms, minmay_temple_entry_fiery,
          enter_bailey_3
Bailey:   bailey_polearm_5, bailey

Skill      XL: |  1  2  3  4  5  6  7  8  9 10 |
---------------+-------------------------------+-----
Short Blades   | 1 2 4 5 |  5.0
Long Blades    | 1 2 4 5 |  5.0
Axes           | 1 2 4 5 |  5.0
Maces & Flails | 1 2 4 5 |  5.0
Staves         | 1 2 4 5 |  5.0
Slings         | 1 2 4 5 |  5.0
Bows           | 1 2 4 5 |  5.0
Crossbows      | 1 2 4 5 |  5.0
Throwing       | 1 2 4 5 |  5.0
Stealth        | 1 2 4 5 |  5.0
Shields        | 1 2 4 5 |  5.0
Unarmed Combat | 1 2 4 5 |  5.0
Spellcasting   | 1 2 4 5 |  5.0
Invocations    | 1 2 3 4 5 |  5.5
Evocations     | 1 2 4 5 |  5.0
Conjurations   | 1 2 3 4 |  4.1
Hexes          | 1 2 3 4 |  4.1
Summonings     | 1 2 3 4 |  4.1
Necromancy     | 1 2 3 4 |  4.1
Translocations | 1 2 3 4 |  4.1
Transmutations | 1 2 3 4 |  4.1
Fire Magic     | 1 2 3 4 |  4.1
Ice Magic      | 1 2 3 4 |  4.1
Air Magic      | 1 2 3 4 |  4.1
Earth Magic    | 1 2 3 4 |  4.1
Poison Magic   | 1 2 3 4 |  4.1
Armour         | 5 6 |  6.8
Dodging        | 5 6 |  6.8
Fighting       | 7 8 |  8.3
Polearms       | 7 8 |  8.3

Action                   |  1- 3 |  4- 6 |  7- 9 | 10-12 || total
-------------------------+-------+-------+-------+-------++-------
Melee: Spear             |    92 |     2 |       |       ||    94
       Bite              |     7 |    10 |    47 |     3 ||    67
       Punch             |     1 |       |       |       ||     1
       Flail             |       |   117 |   433 |    34 ||   584
Throw: Stone             |       |     1 |     7 |       ||     8
       Dart              |       |       |     7 |       ||     7
Invok: Berserk           |     1 |     2 |     9 |     1 ||    13
       Brothers in Arms  |       |       |       |     1 ||     1
Evoke: Wand              |       |       |     1 |     1 ||     2
  Use: Scroll            |       |       |     8 |       ||     8
       Potion            |       |       |     1 |       ||     1
 Stab: Sleeping          |     1 |       |     8 |       ||     9
       Distracted        |       |     1 |     1 |       ||     2
Armor: Animal skin       |    12 |       |       |       ||    12
       Leather armour    |       |     8 |       |       ||     8
       Scale mail        |       |    35 |    64 |       ||    99
       Ring mail         |       |       |   171 |    17 ||   188
Dodge: Dodged            |    38 |    81 |   287 |    25 ||   431
Block: Buckler           |       |     8 |   108 |    17 ||   133

Table legend: (Time is in decaauts)
 A = Elapsed time spent in this place.
 B = Non-inter-level travel time spent in this place.
 C = Inter-level travel time spent in this place.
 D = Time resting spent in this place.
 E = Time spent auto-exploring this place.
 F = Levels seen in this place.
 G = Mean time per level.
                   A        B        C        D        E       F      G
               +--------+--------+--------+--------+--------+-----+--------+
         Total |   9433 |   9144 |    289 |   1030 |   6069 |   9 | 1048.1 |
       Dungeon |   8460 |   8171 |    289 |    784 |   5810 |   7 | 1208.6 |
       Ossuary |    625 |    625 |      0 |    174 |    139 |   1 |  625.0 |
        Bailey |    347 |    347 |      0 |     72 |    120 |   1 |  347.0 |
               +--------+--------+--------+--------+--------+-----+--------+

Top non-repeatable levels by time:
     D:2: 2352 daAuts
     D:4: 1844 daAuts
     D:1: 1239 daAuts
     D:3: 1215 daAuts
     D:5: 1120 daAuts
 Ossuary: 625 daAuts
     D:6: 577 daAuts
  Bailey: 347 daAuts
     D:7: 111 daAuts
